 Dungeon Crawl Stone Soup version 0.28.0-45-g0d030f2227 (webtiles) character file.

Game seed: 15054636671023670725

1171 PaulDerGeist the Sneak (level 8, -4/56 HPs)
             Began as a Djinni Brigand on Apr 15, 2022.
             Was an Initiate of Nemelex Xobeh.
             Slain by Grum
             ... wielding a +1 spear
              (13 damage)
             ... on level 8 of the Dungeon.
             The game lasted 00:38:12 (5457 turns).

PaulDerGeist the Sneak (Djinni Brigand)             Turns: 5457, Time: 00:38:13

Health: -4/56      AC:  3    Str: 13    XL:     8   Next: 68%
Gold:   206        EV: 13    Int: 21    God:    Nemelex Xobeh [......] SH:  0 Dex: 15

rFire   . . .      SeeInvis .   a - +2 dagger
rCold   x . .      Faith    .   (no shield)
rNeg    + . .      Spirit   .   b - +0 robe
rPois   ∞          Reflect  .   (no helmet)
rElec   .          Harm     .   c - +0 cloak
rCorr   .          Rampage  .   (no gloves)
Will    .....                   (boots unavailable)
Stlth   +++.......              f - amulet "Haqeb" {rPois rN+ Regen+ Str+3}
HPRegen 0.98/turn               h - +6 ring of intelligence
MPRegen 0.00/turn               (no ring)

@: flying, fire susceptible
A: sickness immunity, fire resistance 2, cold vulnerability 1, float, innate
caster, HP casting, extra vitality 1
a: Renounce Religion, Draw Escape, Draw Destruction, Draw Summoning


You were on level 8 of the Dungeon.
You worshipped Nemelex Xobeh.
Nemelex Xobeh was noncommittal.
You visited 1 branch of the dungeon, and saw 7 of its levels.

You collected 206 gold pieces.

Inventory:

Hand Weapons
 a - a +2 dagger (weapon)
 n - a +1 hand crossbow
Missiles
 d - 8 poisoned darts (quivered)
 i - 30 bolts
 u - 4 javelins
Armour
 b - a +0 robe (worn)
 c - a +0 cloak (worn)
Jewellery
 f - the amulet "Haqeb" (around neck) {rPois rN+ Regen+ Str+3}
   (You acquired it on level 1 of the Dungeon)

   [amulet of regeneration]

   Str:       It affects your strength (+3).
   rPois:     It protects you from poison.
   rN:        It protects you from negative energy.
   Regen:     It increases your rate of health regeneration.
 h - a +6 ring of intelligence (left hand)
 r - an amulet of the acrobat
Wands
 v - a wand of paralysis (11)
Scrolls
 p - 2 scrolls of enchant armour {unknown}
 q - 2 scrolls of summoning {unknown}
Potions
 g - a potion of flight {unknown}
 j - 2 potions of haste {unknown}
 k - 3 potions of attraction
 l - a potion of brilliance {unknown}
 m - a potion of heal wounds {unknown}
 s - a potion of berserk rage {unknown}
 t - a potion of ambrosia {unknown}


   Skills:
 * Level 3.5 Fighting
 * Level 3.4 Short Blades
 * Level 2.7 Crossbows
 * Level 3.1 Throwing
 * Level 2.6 Armour
 * Level 3.5 Dodging
 * Level 4.9 Stealth
 * Level 2.1 Spellcasting
 * Level 1.0 Invocations
 * Level 1.1 Evocations


You had 6 spell levels left.
You knew the following spells:

 Your Spells              Type           Power      Damage    Failure   Level
a - Magic Dart            Conj           44%        1d5       6%          1
b - Poisonous Vapours     Pois/Air       22%        N/A       10%         2
c - Wereblood             Tmut           11%        N/A       10%         2
Your spell library was empty.

Dungeon Overview and Level Annotations

Branches:
Dungeon (6/15)             Temple (0/1) D:4

Altars:
Ashenzari
Hepliaklqana
Nemelex Xobeh
Okawaru
Ru
Ignis

Shops:
D:4 =

Annotations:
D:4 1 transporter, terff's ghost, amateur BaVM
D:8 Grum


Innate Abilities, Weirdness & Mutations

You are immune to sickness and miasma.
You are immune to poison.
Your flesh is very heat resistant. (rF++)
You are vulnerable to cold. (rC-)
You float through the air rather than walking.
You learn spells naturally, not from books.
Your magical power is your life essence.
You have superior vitality. (+4 MHP)


Message History

Confirm with . or Enter, or press ? or * to list all spells.
Aiming: Poisonous Vapours (safe; 10% risk of failure)
Press: ? - help, Dir - move target, f - gnoll
Aim: a gnoll, wielding a +0 club (lightly wounded)
You miscast Poisonous Vapours.
You are very lightly contaminated with residual magic.
Nothing appears to happen.
Grum hits you from afar with a +1 spear!
A wolf comes into view.
Casting: Poisonous Vapours (safe; 10% risk of failure)
Confirm with . or Enter, or press ? or * to list all spells.
Aiming: Poisonous Vapours (safe; 10% risk of failure)
Press: ? - help, Dir - move target, f/p - gnoll
Aim: a gnoll, wielding a +0 club (lightly wounded) Poisonous vapours surround the gnoll!
The gnoll is poisoned.
The wolf howls!
You hear a shout!
The gnoll completely misses you.
Grum zaps a wand.
The puff of flame misses you. The gnoll barely misses you.
You hear the faint creaking of a very distant portcullis.
You see here 4 gold pieces.
You now have 206 gold pieces (gained 4).
The gnoll completely misses you.
Grum zaps a wand.
The puff of flame hits you. The gnoll closely misses you.
You hit the gnoll.
You kill the gnoll!
The gnoll closely misses you. Grum closely misses you.
Your magical contamination has completely faded away.
Grum hits you from afar with a +1 spear.
The gnoll hits you with a +0 club. The wolf bites you.
The gnoll hits you with a +0 club. Grum barely misses you.
The wolf closely misses you. The wolf closely misses you.
The wolf closely misses you. x2
Grum hits you from afar with a +1 spear!
* * * LOW HITPOINT WARNING * * *
A gnoll sergeant comes into view.
It is wielding a +2 trident of protection.
Grum hits you with a +1 spear!
You die...
Your body disappears without a glow.

########.......#
#.....##.......##
#.....##........###
#..h..##....[......
#.gg@.##...?#######.
#..g...#....#.$...#.
#.)....h....#...$.#.
#######.....#.._..+.
####.g#.$...#.
###.#$...$#.
#[..#######.
#...........
#......#####


You could see Grum, a gnoll sergeant (wandering), 2 wolves and 2 gnolls.

Vanquished Creatures
  Sigmund (D:3)
  A water moccasin (D:5)
  A necrophage (D:5)
  An ogre (D:5)
  3 scorpions
  A killer bee (D:6)
  A howler monkey (D:4)
  A hound (D:5)
  A jelly (D:4)
  An orc priest (D:5)
  A centaur skeleton (D:5)
  An iguana (D:5)
  2 orc wizards
  A killer bee zombie (D:6)
  6 gnolls
  2 howler monkey skeletons (D:4)
  7 adders
  A shadow imp (D:6)
  A white imp (D:5)
  An ufetubus (D:4)
  3 worms
  4 dart slugs
  12 orcs
  4 endoplasms
  8 giant cockroaches
  11 hobgoblins
  3 quokkas
  5 ball pythons
  5 bats
  2 frilled lizards (D:1)
  6 goblins
  9 kobolds
  5 rats
112 creatures vanquished.

Vanquished Creatures (collateral kills)
  3 foxfires (D:4)
3 creatures vanquished.

Vanquished Creatures (others)
  46 foxfires
  9 plants
55 creatures vanquished.

Grand Total: 170 creatures vanquished

Notes
Turn   | Place    | Note
-------+----------+-------------------------------------------
     0 | D:1      | PaulDerGeist the Djinni Brigand began the quest for the
                  | Orb.
     0 | D:1      | Reached XP level 1. HP: 18/18 MP: 0/0
   156 | D:1      | Reached XP level 2. HP: 7/23 MP: 0/0
   404 | D:1      | Found a faded altar of an unknown god.
   416 | D:1      | Prayed at the altar of an unknown god.
   416 | D:1      | Became a worshipper of Ignis, the Dying Flame
   535 | D:1      | Identified a scroll of acquirement
   535 | D:1      | Acquired the amulet "Haqeb" {rPois rN+ Regen+ Str+3}
   708 | D:1      | Reached skill level 1 in Armour
   896 | D:1      | Reached XP level 3. HP: 28/28 MP: 0/0
   896 | D:1      | Learned a level 1 spell: Magic Dart
  1723 | D:2      | Reached XP level 4. HP: 33/33 MP: 0/0
  2605 | D:3      | Reached skill level 4 in Stealth
  2611 | D:3      | Reached XP level 5. HP: 39/39 MP: 0/0
  2611 | D:3      | Learned a level 2 spell: Poisonous Vapours
  2874 | D:3      | Noticed Sigmund
  2888 | D:3      | Killed Sigmund
  2889 | D:3      | Reached skill level 1 in Spellcasting
  2889 | D:3      | Reached XP level 6. HP: 28/45 MP: 0/0
  3642 | D:3      | Found a hazy altar of Hepliaklqana.
  3816 | D:4      | Found a staircase to the Ecumenical Temple.
  3822 | D:4      | Reached XP level 7. HP: 46/49 MP: 0/0
  3822 | D:4      | Learned a level 2 spell: Wereblood
  3897 | D:4      | Found a transporter.
  3901 | D:4      | Found a transporter.
  3918 | D:4      | Noticed terff's ghost (amateur BaVM)
  3973 | D:4      | Paralysed by a gnoll for 7 turns
  3983 | D:4      | HP: 1/49 [gnoll/+0 spear (2)]
  4034 | D:4      | Reached skill level 1 in Crossbows
  4060 | D:4      | Found Welanoi's Jewellery Emporium.
  4181 | D:4      | Found a sacrificial altar of Ru.
  4188 | D:4      | Found a sparkling altar of Nemelex Xobeh.
  4202 | D:4      | Fell from the grace of Ignis
  4202 | D:4      | Became a worshipper of Nemelex Xobeh the Trickster
  4675 | D:5      | Entered Level 5 of the Dungeon
  4804 | D:5      | You are sucked into a shaft and drop 1 floor!
  5004 | D:6      | Reached XP level 8. HP: 46/56 MP: 0/0
  5301 | D:5      | Reached skill level 1 in Evocations
  5344 | D:5      | Noticed a fire elemental
  5344 | D:5      | Noticed a fire elemental
  5348 | D:5      | HP: 1/56 [fire elemental[the fiery vengeance of Ignis] (9)]
  5374 | D:5      | Reached skill level 1 in Invocations
  5397 | D:5      | You are sucked into a shaft and drop 3 floors!
  5408 | D:8      | Found an iron altar of Okawaru.
  5411 | D:8      | Noticed a two-headed ogre
  5423 | D:8      | Found a broken altar of Ashenzari.
  5434 | D:8      | Noticed Grum
  5457 | D:8      | Slain by Grum

Illustrated notes

Levels and vault maps discovered:
D:1:      lightli_arrival_isolated_outpost, layout_basic,
          shapermc_ecumenical_altar_gd, roderic_roman_lattice,
          serial_park_tiny_pond
D:2:      layout_basic, serial_forest, infiniplex_forest_end_2,
          infiniplex_forest_clump_tiny, infiniplex_forest_straight_3,
          infiniplex_forest_end_double, infiniplex_forest_zigzag_2,
          infiniplex_forest_lined_corner, infiniplex_forest_lined_3
D:3:      layout_basic, overflow_temple_1_default, minivault_14, st_stairs_9,
          minmay_vboxes, uniq_sigmund
D:4:      layout_loops_ring, mainiacjoe_overflow_big_doors,
          minmay_temple_entry_overgrown, serial_shops, nicolae_square_shop,
          gammafunk_ghost_gnarly_gnolls
D:5:      layout_loops_ring, uniq_pikel
D:6:      layout_gridville, nicolae_shop_overcharged_wands
D:8:      layout_rooms, okawaru_trees_2, amcnicky_altar_gilded, enter_bailey_6,
          uniq_grum

Skill      XL: |  1  2  3  4  5  6  7  8 |
---------------+-------------------------+-----
Armour         | 1 2 |  2.6
Short Blades   | 2 3 |  3.4
Stealth        | 4 |  4.9
Throwing       | 2 3 |  3.1
Dodging        | 2 3 |  3.5
Spellcasting   | 1 2 |  2.1
Crossbows      | 2 |  2.7
Fighting       | 3 |  3.5
Evocations     | 1 |  1.1
Invocations    | 1 |  1.0

Action                   |  1- 3 |  4- 6 |  7- 9 || total
-------------------------+-------+-------+-------++-------
Melee: Dagger            |    63 |    73 |    78 ||   214
       Punch             |       |       |     1 ||     1
 Fire: Hand crossbow     |       |    23 |    51 ||    74
Throw: Dart              |    35 |    18 |     2 ||    55
 Cast: Magic Dart        |     7 |     5 |    10 ||    22
       Poisonous Vapours |       |     5 |    22 ||    27
Invok: Foxfire Swarm     |     1 |     1 |     3 ||     5
       Fiery Armour      |       |     2 |     1 ||     3
Evoke: Wand              |       |       |     3 ||     3
  Use: Scroll            |     2 |     2 |     8 ||    12
       Potion            |       |       |     2 ||     2
 Stab: Sleeping          |    12 |     3 |     1 ||    16
       Paralysed         |       |       |     1 ||     1
Armor: Robe              |    11 |    22 |    31 ||    64
Dodge: Dodged            |    34 |    69 |   117 ||   220
